Map: Daybreak LE (Void)

Players

Boragol - Winner!

  • Race: Terran Terran
  • League: Diamond
  • Spawn Location: 7:00

Musumeci

  • Race: Zerg Zerg
  • League: Diamond
  • Spawn Location: 1:00

VOD

Have the link to the VOD?

Description

Time

  • Played on: Dec. 22, 2016, 5:58 a.m.
  • Length: 2:53
Show
View Real Time Build Order
Export as new Build Order

Boragol Terran - Winner!

Build Orders:  

Get SALT Encoding   

  12  0:02  SCV  
  13  0:15  Supply Depot  
  13  0:19  SCV  
  14  0:32  SCV  
  15  0:40  Barracks  
  15  0:54  Barracks  
  15  1:30  Marine  
  16  1:41  Marine  
  17  1:48  Marine  
  18  1:59  Marine  
  19  2:05  Marine  
  20  2:17  Marine  
  21  2:23  Marine  
Show
View Real Time Build Order
Export as new Build Order

Musumeci Zerg 

Build Orders: Hatch First 

Get SALT Encoding   

  12  0:01  Drone  
  13  0:08  Drone  
  14  0:14  Extractor  
  14  0:15  Drone  
  15  0:42  Hatchery  
  14  0:44  Extractor  
  14  0:45  Drone  
  15  1:04  Extractor  
  14  1:06  Spawning Pool  
  14  1:08  Extractor  
  12  1:20  Drone x2  
  12  1:23  Drone, Extractor  
  15  1:54  Queen x2  
  15  1:56  Zergling x2  
  15  2:01  Spine Crawler  
  19  2:15  Zergling x4  
Tags
 
Add a new tag
Caveats
  • Supply blocks, unpowered buildings, or Contaminate may cause inaccurate times.
  • Supply counts are checked every 10 seconds.